 Dungeon Crawl Stone Soup version 0.29.1-debian-4-g95531337e3 (webtiles) character file.

Game seed: 14561294127541605840

1178 Malachi the Carver (level 8, -8/50 HPs)
             Began as a Demonspawn Brigand on Sept 13, 2022.
             Was a Follower of Uskayaw.
             Mangled by Duvessa
             ... wielding a +0 short sword
              (14 damage)
             ... on level 5 of the Dungeon.
             The game lasted 00:10:59 (7829 turns).

Malachi the Carver (Demonspawn Brigand)             Turns: 7829, Time: 00:11:00

Health: -8/50      AC:  9    Str: 19    XL:     8   Next: 18%
Magic:  6/8        EV: 11    Int: 12    God:    Uskayaw [*.....]
Gold:   325        SH:  0    Dex: 21    Spells: 7/7 levels left

rFire   + . .      SeeInvis .   a - +2 dagger
rCold   . . .      Faith    .   (no shield)
rNeg    . . .      Spirit   .   g - +1 ring mail of Apathy {Will++}
rPois   .          Reflect  .   (helmet restricted)
rElec   .          Harm     .   b - +1 cloak of Least Resistance {Str+8 Dex+3}
rCorr   .          Rampage  .   (no gloves)
Will    ++...      Clarity  +   j - +0 pair of boots
Stlth   ++........              (no amulet)
HPRegen 0.16/turn               q - ring of protection from fire
MPRegen 0.11/turn               (no ring)

@: unable to drink
A: horns 1, ignite blood 1, powered by pain 2, clarity, frail 1, mutation
resistance 1, inability to drink after injury 1
a: Renounce Religion, Stomp


You were on level 5 of the Dungeon.
You worshipped Uskayaw.
Uskayaw was noncommittal.
You visited 2 branches of the dungeon, and saw 7 of its levels.

You collected 325 gold pieces.

Inventory:

Hand Weapons
 a - a +2 dagger (weapon)
 n - a +0 falchion
Missiles
 d - 25 poisoned darts (quivered)
 e - 3 curare-tipped darts
Armour
 b - the +1 cloak of Least Resistance (worn) {Str+8 Dex+3}
   (You found it on level 4 of the Dungeon)

   Str:       It affects your strength (+8).
   Dex:       It affects your dexterity (+3).
 f - a +2 robe of resistance
 g - the +1 ring mail of Apathy (worn) {Will++}
   (You found it on level 5 of the Dungeon)

   Will:      It greatly increases your willpower.
 j - a +0 pair of boots (worn)
Jewellery
 q - a ring of protection from fire (left hand)
Scrolls
 h - 3 scrolls of teleportation
 i - 2 scrolls of identify
 m - a scroll of enchant weapon
 o - a scroll of fog
Potions
 c - a potion of brilliance
 l - a potion of might
 r - 5 potions of heal wounds
 t - a potion of flight


   Skills:
 - Level 2.0 Fighting
 - Level 4.0(6.5) Short Blades
 + Level 8.1(8.5) Long Blades
 - Level 1.7 Throwing
 - Level 0.8 Dodging
 - Level 3.6 Stealth


You had 7 spell levels left.
You didn't know any spells.
Your spell library contained the following spells:

 Spells                   Type           Power      Damage    Failure   Level
 Magic Dart               Conj           0%         1d3       50%         1
 Searing Ray              Conj           0%         2d4       65%         2
 Animate Armour           Summ/Erth      0%         N/A       99%         4
 Fulminant Prism          Conj/Hex       0%         3d6       99%         4
 Blade Hands              Tmut           0%         N/A       100%        5
 Iron Shot                Conj/Erth      0%         9d1       100%        6


Dungeon Overview and Level Annotations

Branches:
Dungeon (6/15)             Temple (1/1) D:5

Altars:
Ashenzari
Dithmenos
Fedhas
Gozag
Hepliaklqana
Makhleb
Qazlal
Sif Muna
Trog
Uskayaw
Wu Jian
Yredelemnul

Shops:
D:3 :

Annotations:
D:5 Duvessa


Innate Abilities, Weirdness & Mutations

You have a pair of small horns on your head.
Your demonic aura sometimes causes spilled blood to erupt in flames.
You sometimes gain power by taking damage.
You possess an exceptional clarity of mind.
You are frail. (-10% HP)
You are somewhat resistant to further mutation.
You occasionally lose the ability to drink potions when taking damage.


Message History

Duvessa appears confused.
You can no longer pass through a line of other dancers.
Duvessa is engulfed in blazing flames.
Duvessa closely misses you.
Unknown command.
You catch the helpless Duvessa completely off-guard!
You hit Duvessa but do no damage.
Duvessa is moderately wounded.
a - a +2 dagger (weapon)
You hit Duvessa. You headbutt Duvessa, but do no damage.
Duvessa is moderately wounded.
Duvessa seems less confused.
Duvessa hits you with a +0 short sword.
* * * LOW HITPOINT WARNING * * *
Okay, then.
Blink to where?
Press: ? - help, Dir - move target
As you read the scroll of blinking, it crumbles to dust.
You can drink potions again.
There is a stone staircase leading up here.
Okay, then.
Okay, then.
You hit Duvessa but do no damage. You headbutt Duvessa.
Your punch misses Duvessa.
Duvessa is heavily wounded.
Duvessa misses you.
You barely miss Duvessa.
Duvessa is heavily wounded.
Duvessa hits you but does no damage.
You hit Duvessa but do no damage.
Duvessa is heavily wounded.
Duvessa hits you with a +0 short sword.
* * * LOW HITPOINT WARNING * * *
You hit Duvessa.
Duvessa is heavily wounded.
Duvessa barely misses you.
Unknown command.
You hit Duvessa but do no damage. You headbutt Duvessa.
Duvessa is heavily wounded.
Duvessa hits you with a +0 short sword!
You feel threatened and lose the ability to drink potions!
You die...

...#..###......######..##....##..
.....## #......##......##...##...
#....## #......##.###.###..##.#..
......###......##.# #.###.#..##..
.......######.###.# #..#.....##..
.......#### #.###.# ##.....#.##..
..........###.....# #..####.##..
#.....###.........#####.# #..#..
........<.#####.@e..###.# ##.#..
.......##..# ##....##..#####.###
.......###.####..##....###....#..
#.....## #......###..............
##...## ######## ######.........
##### #......... #.........
##........ ##.(.##..


You could see Duvessa (berserk).

Vanquished Creatures
  Pikel (D:4)
  A black bear (D:5)
  A centaur (D:6)
  A bullfrog (D:6)
  A necrophage (D:6)
  A scorpion (D:4)
  Dowan (D:5)
  A howler monkey (D:4)
  2 jellies (D:5)
  A hound (D:5)
  9 adders
  3 white imps
  A dart slug (D:1)
  5 orcs
  11 endoplasms
  3 giant cockroaches
  8 goblins
  5 hobgoblins
  7 jackals
  A quokka (D:1)
  10 ball pythons
  6 bats
  3 frilled lizards (D:2)
  6 kobolds
  7 rats
96 creatures vanquished.

Vanquished Creatures (others)
  5 plants (D:1)
5 creatures vanquished.

Grand Total: 101 creatures vanquished

Notes
Turn   | Place    | Note
-------+----------+-------------------------------------------
     0 | D:1      | Malachi the Demonspawn Brigand began the quest for the Orb.
     0 | D:1      | Reached XP level 1. HP: 16/16 MP: 1/1
   387 | D:1      | Gained mutation: You sometimes gain a little power by
                  | taking damage. [demonic ancestry]
   387 | D:1      | Reached XP level 2. HP: 20/22 MP: 2/2
   819 | D:1      | Reached XP level 3. HP: 7/27 MP: 3/3
  2441 | D:2      | Gained mutation: You sometimes gain power by taking damage.
                  | [demonic ancestry]
  2441 | D:2      | Reached XP level 4. HP: 33/33 MP: 4/4
  2768 | D:3      | Reached skill level 1 in Long Blades
  2970 | D:3      | Noticed a +0 dagger
  2970 | D:3      | Noticed a +0 hand axe
  2974 | D:3      | Found a hide-covered altar of Uskayaw.
  3122 | D:3      | Found Miadukk's Book Shop.
  3469 | D:4      | Noticed a scorpion
  3475 | D:4      | Killed a scorpion
  3476 | D:4      | Reached skill level 2 in Long Blades
  3476 | D:4      | Gained mutation: Your demonic aura sometimes causes spilled
                  | blood to erupt in flames. [demonic ancestry]
  3476 | D:4      | Reached XP level 5. HP: 25/38 MP: 5/5
  3867 | D:4      | Reached skill level 3 in Long Blades
  4097 | D:4      | Noticed a lemure
  4098 | D:4      | Noticed a lemure
  4098 | D:4      | Noticed Pikel
  4109 | D:4      | Gained mutation: Your spells are a little harder to cast,
                  | but a little more powerful. [potion of mutation]
  4109 | D:4      | Gained mutation: A frigid envelope surrounds you and
                  | freezes all who hurt you. [potion of mutation]
  4109 | D:4      | Gained mutation: You are weak. (Str -2) [potion of
                  | mutation]
  4109 | D:4      | Noticed a lemure
  4109 | D:4      | Noticed a lemure
  4124 | D:4      | Killed Pikel
  4125 | D:4      | Reached skill level 6 in Long Blades
  4125 | D:4      | Gained mutation: You have a pair of small horns on your
                  | head. [demonic ancestry]
  4125 | D:4      | Reached XP level 6. HP: 30/44 MP: 6/6
  4125 | D:4      | Reached XP level 7. HP: 35/50 MP: 7/7
  4152 | D:4      | Lost mutation: You are weak. (Str -2) [potion of mutation]
  4152 | D:4      | Lost mutation: Your spells are a little harder to cast, but
                  | a little more powerful. [potion of mutation]
  4152 | D:4      | Lost mutation: A frigid envelope surrounds you and freezes
                  | all who hurt you. [potion of mutation]
  4152 | D:4      | Gained mutation: You expend magic power (3 MP) to
                  | strengthen your wands. [potion of mutation]
  4152 | D:4      | Gained mutation: You are partially covered in large bone
                  | plates. (SH +4) [potion of mutation]
  4152 | D:4      | Gained mutation: You have sharp toenails. [potion of
                  | mutation]
  4153 | D:4      | Lost mutation: You are partially covered in large bone
                  | plates. (SH +4) [potion of mutation]
  4153 | D:4      | Lost mutation: You have sharp toenails. [potion of
                  | mutation]
  4153 | D:4      | Lost mutation: You expend magic power (3 MP) to strengthen
                  | your wands. [potion of mutation]
  4153 | D:4      | Gained mutation: Your mind is acute. (Int +4, Str/Dex -1)
                  | [potion of mutation]
  4153 | D:4      | Gained mutation: You are robust. (+10% HP) [potion of
                  | mutation]
  4183 | D:4      | Lost mutation: Your mind is acute. (Int +4, Str/Dex -1)
                  | [potion of mutation]
  4183 | D:4      | Lost mutation: You are robust. (+10% HP) [potion of
                  | mutation]
  4183 | D:4      | Gained mutation: You are strong-willed. (Will+) [potion of
                  | mutation]
  4183 | D:4      | Gained mutation: You are frail. (-10% HP) [potion of
                  | mutation]
  4183 | D:4      | Gained mutation: You passively map a small area around you.
                  | [potion of mutation]
  4183 | D:4      | Gained mutation: You possess an exceptional clarity of
                  | mind. [potion of mutation]
  4184 | D:4      | Lost mutation: You are strong-willed. (Will+) [potion of
                  | mutation]
  4184 | D:4      | Lost mutation: You passively map a small area around you.
                  | [potion of mutation]
  4184 | D:4      | Gained mutation: You are somewhat resistant to further
                  | mutation. [potion of mutation]
  4184 | D:4      | Gained mutation: You occasionally lose the ability to drink
                  | potions when taking damage. [potion of mutation]
  4338 | D:4      | Identified the +1 cloak of Least Resistance {Str+8 Dex+3}
  4455 | D:5      | Entered Level 5 of the Dungeon
  4468 | D:5      | Found a staircase to the Ecumenical Temple.
  4511 | D:5      | Identified the +1 ring mail of Apathy {Will++}
  4634 | Temple   | Entered the Ecumenical Temple
  4888 | D:3      | Became a worshipper of Uskayaw the Reveller
  4937 | D:5      | Reached * piety under Uskayaw
  5010 | D:5      | Reached ** piety under Uskayaw
  5593 | D:5      | Reached skill level 7 in Long Blades
  5593 | D:5      | Reached *** piety under Uskayaw
  6371 | D:6      | Noticed Duvessa
  6372 | D:6      | Noticed Dowan
  6378 | D:6      | Reached XP level 8. HP: 27/50 MP: 8/8
  7806 | D:5      | Killed Dowan
  7807 | D:5      | Reached skill level 8 in Long Blades
  7829 | D:5      | Mangled by Duvessa

Illustrated notes

Levels and vault maps discovered:
D:1:      spicycebolla_arrival_clurvy, layout_rooms, serial_bayou,
          serial_bayou_pond_c, serial_bayou_shore_a, serial_bayou_lagoon_a,
          serial_bayou_pond_d
D:2:      layout_basic
D:3:      layout_rooms, dancing_weapons_uskayaw, serial_shops,
          nicolae_shop_temple_entry_statues_fountains, minmay_crystal_room
D:4:      layout_basic, uniq_pikel
D:5:      layout_rooms, minmay_temple_entry_wispy
D:6:      layout_basic, kennysheep_mini,
          mainiacjoe_overflow_concentric_impassable,
          grunt_temple_overflow_order_and_chaos_1, serial_rivers,
          chequers_serial_rivers_micro_d, chequers_serial_rivers_micro_b,
          chequers_serial_rivers_micro_b, chequers_serial_rivers_small_a,
          chequers_serial_rivers_small_b, chequers_serial_rivers_marsh,
          uniq_duvessa, uniq_grinder, uniq_blork_the_orc
Temple:   hellmonk_temple_forest_ring

Skill      XL: |  1  2  3  4  5  6  7  8 |
---------------+-------------------------+-----
Short Blades   | 2 3 4 |  4.0
Long Blades    | 2 6 7 8 |  8.1
Fighting       | |  2.0
Throwing       | |  1.7
Dodging        | |  0.8
Stealth        | |  3.6

Action                   |  1- 3 |  4- 6 |  7- 9 || total
-------------------------+-------+-------+-------++-------
Melee: Dagger            |   173 |     1 |     6 ||   180
       Falchion          |       |   106 |   103 ||   209
       Punch             |       |     1 |     1 ||     2
       Headbutt          |       |       |    30 ||    30
Throw: Dart              |       |     4 |       ||     4
Invok: Line Pass         |       |       |     1 ||     1
  Use: Scroll            |       |     4 |     4 ||     8
       Potion            |       |     5 |     6 ||    11
 Stab: Sleeping          |    10 |     4 |     3 ||    17
       Distracted        |       |     1 |       ||     1
       Paralysed         |       |       |     2 ||     2
       Confused          |       |       |     1 ||     1
Armor: Robe              |    66 |       |       ||    66
       Leather armour    |     7 |    40 |       ||    47
       Scale mail        |       |    14 |       ||    14
       Ring mail         |       |       |    51 ||    51
Dodge: Dodged            |   110 |    67 |    80 ||   257
